 Dungeon Crawl Stone Soup version 0.19.4-9-g45fd643 (webtiles) character file.

1016 Gorglomux the Slasher (level 8, -2/62 HPs)
             Began as a Mummy Monk on Feb 18, 2017.
             Was an Elder of Nemelex Xobeh.
             Slain by a red devil
             ... wielding a +0 trident
             ... summoned by the player character
              (14 damage)
             ... on level 6 of the Dungeon.
             The game lasted 00:11:07 (5845 turns).

Gorglomux the Slasher (Mummy Monk)                  Turns: 5845, Time: 00:11:07

Health: -2/62      AC:  8    Str: 15    XL:     8   Next: 1%
Magic:  10/10      EV: 11    Int:  9    God:    Nemelex Xobeh [****..]
Gold:   115        SH:  0    Dex: 16    Spells: 0 memorised, 7 levels left

rFire  x . .     SeeInvis .     C - +8 quarterstaff "Ecogoaz" {crush, rPois Stlth+}
rCold  + + .     Gourm    .     S - +0 ring mail
rNeg   + + +     Faith    .     (shield currently unavailable)
rPois  ∞         Spirit   .     X - +0 helmet
rElec  .         Reflect  .     G - +0 cloak
rCorr  .         Harm     .     V - +0 pair of gloves
MR     ++...                    (no boots)
Stlth  ++........               L - amulet of magic regeneration
                                m - ring of protection from magic
                                c - ring of protection from cold

@: no status effects
A: no food or potions, fire vulnerability, cold resistance 1, negative energy
resistance 3, torment resistance, unbreathing
a: Triple Draw, Deal Four, Renounce Religion


You were on level 6 of the Dungeon.
You worshipped Nemelex Xobeh.
Nemelex Xobeh was greatly pleased with you.
You were not hungry.

You visited 1 branch of the dungeon, and saw 6 of its levels.

You collected 430 gold pieces.
You spent 315 gold pieces at shops.

Inventory:

Hand Weapons
 a - a +0 falchion
 C - the +8 quarterstaff "Ecogoaz" (weapon) {crush, rPois Stlth+}
   (You bought it in a shop on level 6 of the Dungeon)

   It inflicts extra damage upon your enemies.
   It protects you from poison.
   It makes you more stealthy.
 F - a +0 long sword of draining
 K - a +0 great sword
Missiles
 d - 148 stones
 E - 4 tomahawks (quivered)
Armour
 b - a +0 robe
 G - a +0 cloak (worn)
 S - a +0 ring mail (worn)
 V - a +0 pair of gloves (worn)
 X - a +0 helmet (worn)
Magical Staves
 J - an uncursed staff of air {unknown}
Jewellery
 c - a ring of protection from cold (left hand)
 m - a ring of protection from magic (right hand)
 L - an amulet of magic regeneration (around neck)
Scrolls
 f - 2 scrolls of remove curse
 D - a scroll of enchant weapon {unknown}
 N - a scroll of fog {unknown}
 O - a scroll of magic mapping {unknown}
 R - 2 scrolls of identify
 T - 3 scrolls of teleportation
 U - a scroll of recharging
 Z - 2 scrolls of immolation
Books
 P - a book of Misfortune

   Spells                             Type                      Level
   a - Confusing Touch                Hexes                        1
   b - Confuse                        Hexes                        3
   c - Gell's Gravitas                Hexes/Translocation          3
   d - Petrify                        Transmutation/Earth          4
   e - Metabolic Englaciation         Hexes/Ice                    5
   f - Yara's Violent Unravelling     Hexes/Transmutation          5
Miscellaneous
 H - an ornate deck of summoning {god gift}
 I - a legendary deck of summoning {drawn: 1} {god gift}
 M - a plain deck of escape {god gift}
 Q - a plain deck of escape {drawn: 2} {god gift}
 W - an ornate deck of summoning {drawn: 3} {god gift}
 Y - a plain deck of summoning {drawn: 1} {god gift}


   Skills:
 - Level 5.2 Fighting
 - Level 6.0 Long Blades
 + Level 2.4 Staves
 - Level 2.4 Dodging
 - Level 1.5 Stealth
 - Level 3.1 Invocations


You had 7 spell levels left.
You didn't know any spells.

Dungeon Overview and Level Annotations

Branches:
Dungeon (6/15)
 Temple: D:4-7

Altars:
Ashenzari
Fedhas
Hepliaklqana
Nemelex Xobeh
Vehumet
Yredelemnul

Shops:
D:6 (


Innate Abilities, Weirdness & Mutations

You do not eat or drink.
Your flesh is vulnerable to fire.
You are immune to poison.
Your flesh is cold resistant. (rC+)
You are immune to negative energy. (rN+++)
You are immune to unholy pain and torment.
You can survive without breathing.


Message History

r - Retreat! s - Stop attacking. g - Guard the area. f - Follow me.
Anything else - Cancel.
Gang up on whom?
Press: ? - help, Dir - move target cursor, f - red devil
Aim: a red devil, wielding a trident (summoned) Attack!
Your hell hound bites the leopard gecko.
The leopard gecko closely misses you.
The orc warrior closely misses your hell hound.
Latt misses the leopard gecko.
Your shadow demon hits the red devil.
Your hell hound bites the leopard gecko.
The leopard gecko dies!
You are too injured to fight recklessly!
You are too injured to fight recklessly!
You sock the red devil!
The red devil is heavily wounded.
The red devil hits you with a trident!
You die...
Your body disappears without a glow.

.##...........##.####.#.. ..#
.##..#.....#..##.# #.#.# #.#
.##..##....#..##.# #.#.# #.#
.##..#.........#.# #.#.# #.#
.##..............####.#.# #.#
.##.#..............##.#.# #.#
.##.#............#.##.#.# #.#
.##.##.#...##.####&##o#.#####.###
..#.........(o24@†ho.o.....o.....
..[...#....#.##################.#
.....###.###.# #.# ..###.#.## #.#
#l# ..# ##.## #.# ##.# ..######
#.# ##.oo ......# #.# ##....
......# #.# #..... ......####
........


You could see a red devil, an orc warrior, 3 orcs, the friendly Latt, a friendly
shadow demon and a friendly hell hound.

Vanquished Creatures
  The ghost of danebombitumenja the Shooter, an amateur CeHu (D:3)
  2 centaurs
  A bullfrog (D:3)
  3 crimson imps
  A jelly (D:5)
  2 hounds
  2 orc priests
  A bullfrog skeleton (D:4)
  A worker ant (D:5)
  A hound zombie (D:6)
  A howler monkey zombie (D:4)
  2 worker ant zombies (D:4)
  A gnoll (D:1)
  A howler monkey skeleton (D:4)
  7 adders
  2 shadow imps (D:6)
  An ooze (D:1)
  2 adder skeletons
  2 worms
  5 dart slugs
  A leopard gecko (D:2)
  9 orcs
  A giant cockroach (D:2)
  7 goblins
  14 hobgoblins
  16 jackals
  6 kobolds
  4 quokkas
  4 ball pythons
  A ball python zombie (D:4)
  9 bats
  8 frilled lizards
  A jackal zombie (D:4)
  A leopard gecko zombie (D:4)
  3 quokka skeletons (D:4)
  A quokka zombie (D:4)
  10 rats
  A fungus (D:4)
136 creatures vanquished.

Vanquished Creatures (collateral kills)
  An orc warrior (D:3)
  A scorpion (D:4)
  An orc wizard (D:4)
  A worker ant (D:4)
  A gnoll (D:3)
  A leopard gecko (D:6)
  An orc (D:4)
7 creatures vanquished.

Vanquished Creatures (others)
  An orc wizard (D:3)
1 creature vanquished.

Grand Total: 144 creatures vanquished

Notes
Turn   | Place    | Note
-------+----------+-------------------------------------------
     0 | D:1      | Gorglomux the Mummy Monk began the quest for the Orb.
     0 | D:1      | Reached XP level 1. HP: 18/18 MP: 1/1
    48 | D:1      | Reached XP level 2. HP: 22/24 MP: 2/2
   149 | D:1      | Reached skill level 3 in Long Blades
   361 | D:1      | Reached XP level 3. HP: 22/29 MP: 3/3
  1380 | D:2      | Reached skill level 4 in Long Blades
  1380 | D:2      | Reached XP level 4. HP: 19/35 MP: 4/4
  1631 | D:2      | Found a hazy altar of Hepliaklqana.
  1912 | D:2      | Found a sparkling altar of Nemelex Xobeh.
  1914 | D:2      | Found a basalt altar of Yredelemnul.
  1929 | D:2      | Became a worshipper of Nemelex Xobeh the Trickster
  1929 | D:2      | Received a gift from Nemelex Xobeh
  1929 | D:2      | Reached * piety under Nemelex Xobeh
  1929 | D:2      | Received a gift from Nemelex Xobeh
  1929 | D:2      | Received a gift from Nemelex Xobeh
  1929 | D:2      | Reached ** piety under Nemelex Xobeh
  2463 | D:2      | Found a blossoming altar of Fedhas.
  2464 | D:2      | Received a gift from Nemelex Xobeh
  2583 | D:3      | Noticed danebombitumenja's ghost (amateur CeHu)
  2670 | D:3      | HP: 1/35 [danebombitumenja's ghost (4)]
  2672 | D:3      | Killed danebombitumenja's ghost
  2672 | D:3      | Reached skill level 5 in Long Blades
  2672 | D:3      | Reached XP level 5. HP: 2/41 MP: 5/5
  3089 | D:3      | Noticed an orc warrior
  3095 | D:3      | Reached XP level 6. HP: 47/47 MP: 6/6
  3140 | D:3      | Killed an orc warrior
  3550 | D:3      | Reached skill level 6 in Long Blades
  3977 | D:4      | Reached *** piety under Nemelex Xobeh
  4090 | D:4      | Received a gift from Nemelex Xobeh
  4341 | D:4      | Reached XP level 7. HP: 51/55 MP: 7/7
  4374 | D:4      | Received a gift from Nemelex Xobeh
  4472 | D:4      | Reached **** piety under Nemelex Xobeh
  4502 | D:4      | Received a gift from Nemelex Xobeh
  4796 | D:5      | Entered Level 5 of the Dungeon
  4815 | D:5      | Found a radiant altar of Vehumet.
  4933 | D:5      | Reached skill level 1 in Invocations
  5345 | D:5      | Reached skill level 3 in Invocations
  5545 | D:6      | Found Zoegriaq's Antique Weapon Emporium.
  5561 | D:6      | Bought a crude quarterstaff for 315 gold pieces
  5561 | D:6      | Identified the +8 quarterstaff "Ecogoaz" {crush, rPois Stlth+} (You bought it in a shop on level 6 of the Dungeon)
  5660 | D:6      | Reached skill level 1 in Staves
  5710 | D:6      | Found a shattered altar of Ashenzari.
  5819 | D:6      | Reached XP level 8. HP: 44/62 MP: 10/10
  5842 | D:6      | Noticed a red devil
  5845 | D:6      | Slain by a red devil

Skill      XL: |  1  2  3  4  5  6  7 |
---------------+----------------------+-----
Long Blades    | 3 4 5 6 |  6.0
Fighting       | 4 5 |  5.2
Invocations    | 3 |  3.1
Staves         | 2 |  2.4
Dodging        | |  2.4
Stealth        | |  1.5

Action                   |  1- 3 |  4- 6 |  7- 9 || total
-------------------------+-------+-------+-------++-------
Melee: Falchion          |   107 |   265 |    75 ||   447
       Great sword       |       |    10 |     6 ||    16
       Quarterstaff      |       |       |    35 ||    35
       Long sword        |       |       |    16 ||    16
Throw: Stone             |     2 |     9 |       ||    11
Evoke: Deck              |       |    10 |     2 ||    12
  Use: Scroll            |     1 |     3 |       ||     4
 Stab: Sleeping          |     4 |     1 |     2 ||     7
       Distracted        |     1 |       |       ||     1
       Petrified         |       |     2 |       ||     2
Armor: Robe              |    21 |    16 |       ||    37
       Ring mail         |       |    85 |    57 ||   142
Dodge: Dodged            |    86 |   184 |    86 ||   356
       Rpst.: Falchion   |    23 |    53 |    14 ||    90
       Great sword       |       |     5 |     3 ||     8
       Long sword        |       |       |     3 ||     3
